 Dungeon Crawl Stone Soup version 0.28.0-43-g3370ac3207 (webtiles) character file.

Game seed: 15490633587939697203

2291 Peloso the Carver (level 9, -9/75 HPs)
             Began as a Minotaur Fighter on Mar 19, 2022.
             Was a Believer of Okawaru.
             Mangled by a six-headed hydra (12 damage)
             ... on level 8 of the Dungeon.
             The game lasted 00:10:12 (7049 turns).

Peloso the Carver (Minotaur Fighter)                Turns: 7049, Time: 00:10:12

Health: -9/75      AC: 15    Str: 28    XL:     9   Next: 17%
Magic:  8/8        EV: 10    Int:  5    God:    Okawaru [**....]
Gold:   329        SH:  5    Dex: 13    Spells: 8/8 levels left

rFire   . . .      SeeInvis .   a - +0 long sword (chaos)
rCold   . . .      Faith    .   c - +0 buckler
rNeg    + . .      Spirit   .   u - +0 chain mail
rPois   .          Reflect  .   p - +1 hat
rElec   .          Harm     .   l - +2 cloak
rCorr   .          Rampage  .   (no gloves)
Will    .....                   (no boots)
Stlth   ..........              (no amulet)
HPRegen 0.22/turn               i - ring of positive energy
MPRegen 0.11/turn               f - +6 ring of strength

@: about to teleport
A: horns 2, retaliatory headbutt
a: Renounce Religion, Heroism


You were on level 8 of the Dungeon.
You worshipped Okawaru.
Okawaru was pleased with you.
You visited 2 branches of the dungeon, and saw 10 of its levels.

You collected 329 gold pieces.

Inventory:

Hand Weapons
 a - a +0 long sword of chaos (weapon)
Armour
 b - a +0 scale mail
 c - a +0 buckler (worn)
 l - a +2 cloak (worn)
 p - a +1 hat (worn)
 u - a +0 chain mail (worn)
Jewellery
 f - a +6 ring of strength (right hand)
 i - a ring of positive energy (left hand)
Scrolls
 g - a scroll of teleportation
 n - 2 scrolls of magic mapping
 q - a scroll of holy word {unknown}
 t - 2 scrolls of identify
 w - 3 scrolls of noise {unknown}
 x - a scroll of immolation {unknown}
Potions
 d - a potion of might
 e - a potion of mutation
 h - a potion of lignification {unknown}
 j - a potion of brilliance
 k - 2 potions of cancellation {unknown}
 m - a potion of degeneration {unknown}
 o - a potion of haste {unknown}
 r - 2 potions of curing {unknown}
 s - 2 potions of heal wounds
 v - a potion of flight {unknown}
 z - a potion of magic {unknown}


   Skills:
 + Level 6.2 Fighting
 + Level 9.3 Long Blades
 + Level 8.9 Armour
 + Level 3.5 Dodging
 + Level 0.3 Stealth
 + Level 6.1 Shields


You had 8 spell levels left.
You didn't know any spells.
Your spell library contained the following spells:

 Spells                   Type           Power      Damage    Failure   Level
 Portal Projectile        Hex/Tloc       0%         N/A       100%        3
 Leda's Liquefaction      Hex/Erth       0%         N/A       100%        4


Dungeon Overview and Level Annotations

Branches:
Dungeon (9/15)             Temple (1/1) D:5
   Lair: D:8-11         Orc: D:9-12

Altars:
Fedhas
Gozag
Hepliaklqana
Makhleb
Okawaru
Qazlal
Sif Muna
Vehumet
Yredelemnul
The Shining One

Shops:
D:6 ?


Innate Abilities, Weirdness & Mutations

You have a pair of horns on your head.
You reflexively headbutt those who attack you in melee.


Message History

The wyvern bites you.
You slash the wyvern!
The wyvern evaporates and reforms as a tengu!
You headbutt the tengu.
The tengu is lightly wounded.
You slash the tengu!
The tengu is almost dead.
The tengu closely misses you. You furiously retaliate!
You headbutt the tengu!
You kill the tengu!
Okawaru accepts your kill.
The wyvern returns to its original shape as it dies.
Unknown command.
You see here a wyvern corpse.
The six-headed hydra roars!
You see here a wyvern corpse.
Found a stone staircase leading down.
There is a stone staircase leading down here.
You climb downwards.
The orc warrior shouts! x2; You hear a shout! x3
There is a stone staircase leading up here.
You climb upwards.
The six-headed hydra bites you. The six-headed hydra misses you.
The six-headed hydra bites you!
* * * LOW HITPOINT WARNING * * *
The six-headed hydra bites you but does no damage.
You block the six-headed hydra's attack.
The six-headed hydra bites you but does no damage.
There is a stone staircase leading down, spattered with blood here.
As you read the scroll of teleportation, it crumbles to dust.
You feel strangely unstable. The six-headed hydra barely misses you.
You furiously retaliate!
You headbutt the six-headed hydra!
The six-headed hydra closely misses you.
You block the six-headed hydra's attack.
The six-headed hydra bites you but does no damage.
The six-headed hydra bites you!
* * * LOW HITPOINT WARNING * * *
The six-headed hydra closely misses you.
The six-headed hydra misses you. The six-headed hydra bites you.
* * * LOW HITPOINT WARNING * * *
The six-headed hydra bites you!
You die...

# #. ########.###
......# ...#
......####.#######
...............D>#
#...#.##########@#
#...#.#
#.........#
#..†#..
#.........#
#...#.##
#.........#
#...#..
#.........#
#...###
#.........# .....
#.........# ##.##
####....### ..


You could see a six-headed hydra.

Vanquished Creatures
  A wraith (D:7)
  Duvessa (D:7)
  An orc warrior (D:7)
  3 necrophages
  2 ogres
  A tengu (D:8)
  3 centaurs
  2 phantoms (D:6)
  3 bullfrogs
  A scorpion (D:3)
  A wyvern skeleton (D:7)
  Dowan (D:7)
  A water moccasin skeleton (D:4)
  A centaur zombie (D:6)
  A hound (D:5)
  An orc priest (D:3)
  2 bullfrog skeletons (D:5)
  A gnoll shaman (D:4)
  2 orc wizards
  4 iguanas
  A killer bee zombie (D:5)
  13 gnolls
  6 adders
  A white imp (D:6)
  5 worms
  3 dart slugs
  16 orcs
  3 bats
  3 endoplasms (D:3)
  5 giant cockroaches
  4 goblins
  5 hobgoblins
  10 jackals
  7 kobolds
  2 quokkas
  6 ball pythons
  4 frilled lizards
  2 rats
129 creatures vanquished.

Vanquished Creatures (others)
  2 orc wizards
  2 plants (D:8)
4 creatures vanquished.

Grand Total: 133 creatures vanquished

Notes
Turn   | Place    | Note
-------+----------+-------------------------------------------
     0 | D:1      | Peloso the Minotaur Fighter began the quest for the Orb.
     0 | D:1      | Reached XP level 1. HP: 19/19 MP: 0/0
   299 | D:1      | Reached XP level 2. HP: 24/27 MP: 1/1
  1262 | D:2      | Reached XP level 3. HP: 33/33 MP: 2/2
  1301 | D:2      | Got the Incunabulum of Earth and Translocation
  1865 | D:2      | Found a faded altar of an unknown god.
  1883 | D:3      | Noticed a scorpion
  1890 | D:3      | Killed a scorpion
  1891 | D:3      | Reached skill level 3 in Long Blades
  1891 | D:3      | Reached skill level 1 in Dodging
  1891 | D:3      | Reached XP level 4. HP: 25/41 MP: 3/3
  2131 | D:3      | Reached skill level 5 in Armour
  2376 | D:3      | Reached XP level 5. HP: 19/47 MP: 4/4
  3402 | D:4      | Reached skill level 4 in Long Blades
  3402 | D:4      | Reached XP level 6. HP: 27/53 MP: 5/5
  3914 | D:4      | Reached skill level 5 in Long Blades
  3999 | D:4      | Reached XP level 7. HP: 52/60 MP: 6/6
  4203 | D:5      | Entered Level 5 of the Dungeon
  5021 | D:5      | Reached skill level 5 in Shields
  5026 | D:5      | Reached skill level 6 in Long Blades
  5083 | D:5      | Found a basalt altar of Yredelemnul.
  5152 | D:5      | Found a hazy altar of Hepliaklqana.
  5185 | D:5      | Found a staircase to the Ecumenical Temple.
  5310 | Temple   | Entered the Ecumenical Temple
  5330 | Temple   | Became a worshipper of Warmaster Okawaru
  5438 | D:5      | Reached skill level 5 in Fighting
  5563 | D:5      | Reached XP level 8. HP: 64/68 MP: 7/7
  6039 | D:6      | Reached * piety under Okawaru
  6040 | D:6      | Reached skill level 7 in Long Blades
  6277 | D:6      | Found Acovuost's Magic Scroll Shop.
  6654 | D:7      | Reached skill level 8 in Long Blades
  6749 | D:7      | Noticed Dowan
  6764 | D:7      | Noticed Duvessa
  6778 | D:7      | Reached ** piety under Okawaru
  6785 | D:7      | Killed Duvessa
  6786 | D:7      | Reached XP level 9. HP: 40/75 MP: 8/8
  6789 | D:7      | Reached skill level 9 in Long Blades
  6795 | D:7      | Killed Dowan
  6977 | D:7      | You fall into a shaft and drop 1 floor!
  7000 | D:8      | Noticed a boulder beetle
  7002 | D:8      | Noticed a six-headed hydra
  7003 | D:8      | Noticed a purple ugly thing
  7049 | D:8      | HP: 3/75 [six-headed hydra (5)]
  7049 | D:8      | Mangled by a six-headed hydra

Illustrated notes

Levels and vault maps discovered:
D:1:      tarquinn_simple_flora_water_c, layout_loops_ring
D:2:      layout_basic, shapermc_ecumenical_altar_mp_vishouse
D:3:      layout_basic
D:4:      layout_basic
D:5:      layout_basic, mainiacjoe_overflow_swirl, minmay_temple_entry_poolview
D:6:      layout_basic, serial_shops, kennysheep_mini_moat, minivault_23
D:7:      layout_basic, minmay_fire_ice_demons, uniq_duvessa
D:8:      minmay_the_grid_octo_2x2 [minmay_the_grid_octo_tetromino_candy,
          minmay_the_grid_octo_vomiting_pacman, minmay_the_grid_octo_clover,
          minmay_the_grid_octo_prize_star], layout_basic, hangedman_ranch
D:9:      layout_cave_pools, david_orc_4
Temple:   regret_index_temple_chain_breaker

Skill      XL: |  1  2  3  4  5  6  7  8  9 |
---------------+----------------------------+-----
Fighting       | 4 5 6 |  6.2
Armour         | 4 5 6 7 8 |  8.9
Shields        | 4 5 6 |  6.1
Long Blades    | 3 4 5 6 8 9 |  9.3
Dodging        | 1 2 3 |  3.5
Stealth        | |  0.3

Action                   |  1- 3 |  4- 6 |  7- 9 || total
-------------------------+-------+-------+-------++-------
Melee: Long sword        |    90 |   134 |   209 ||   433
       Headbutt          |     7 |    13 |    45 ||    65
  Use: Scroll            |     4 |     1 |     5 ||    10
       Potion            |       |     2 |       ||     2
Armor: Scale mail        |    50 |   105 |    48 ||   203
       Chain mail        |       |       |    59 ||    59
Dodge: Dodged            |    41 |    49 |    99 ||   189
Block: Buckler           |    27 |    23 |    66 ||   116
